 Dungeon Crawl Stone Soup version 0.31.0-9-g3a7656b989 (webtiles) character file.

Game seed: 9965714159622541584

44 qw the Shooter (level 3, 0/20 HPs)
             Began as a Deep Elf Hunter on Feb 2, 2024.
             Succumbed to their own poison gas
             ... on level 1 of the Dungeon.
             The game lasted 00:00:02 (830 turns).

qw the Shooter (Deep Elf Hunter)                     Turns: 830, Time: 00:00:03

Health: 0/20       AC:  3    Str: 10    XL:     3   Next: 41%
Magic:  5/5        EV: 12    Int: 13    God:
Gold:   76         SH:  0    Dex: 18    Spells: 2/2 levels left

rFire   . . .        a - +0 shortbow
rCold   . . .        (shield currently unavailable)
rNeg    . . .        c - +0 leather armour
rPois   .            (no helmet)
rElec   .            (no cloak)
rCorr   .            (no gloves)
SInv    .            (no boots)
Will    .....        (no amulet)
Stlth   ++           (no ring)
HPRegen 0.23/turn    (no ring)
MPRegen 0.09/turn

%: no passive effects
@: lethally poisoned (0 -> -7)
A: no striking features
a: no special abilities


You were on level 1 of the Dungeon.
You visited 1 branch of the dungeon, and saw 1 of its levels.

You collected 76 gold pieces.


   Skills:
 - Level 1.5 Fighting
 + Level 7.0 Ranged Weapons
 - Level 2.4 Dodging
 - Level 1.2 Stealth


You had 2 spell levels left.
You didn't know any spells.
Your spell library was empty.

Inventory:

Hand Weapons
 a - a +0 shortbow (weapon)
Armour
 c - a +0 leather armour (worn)
Scrolls
 g - a scroll of enchant armour
Potions
 d - 2 potions of resistance

Dungeon Overview and Level Annotations

Branches:
Dungeon (1/15)

Altars:


Message History

822 ||| IDENTIFYING scroll labelled UGOCOA EKLI
As you read the scroll of identify, it crumbles to dust.
f - a scroll of vulnerability Done exploring.
823 ||| READING scroll of identify.
823 ||| IDENTIFYING scroll labelled AXADGHA IFFIPN
As you read the scroll of identify, it crumbles to dust.
g - a scroll of enchant armour Done exploring.
824 ||| READING scroll labelled BOBIXZ HUTAELA.
The air fills with toxic fumes!
As you read the scroll labelled BOBIXZ HUTAELA, it crumbles to dust.
It was a scroll of poison.
Done exploring.
825 ||| DROPPING scroll of butterflies.
You drop a scroll of butterflies.
Done exploring.
826 ||| DROPPING scroll of vulnerability.
You drop a scroll of vulnerability.
Done exploring.
What level of the Dungeon? (default 1, ? - help) Sorry, I don't know how to get there.
Enter note:
Enter note:
Enter note:
Enter note:
Enter note:
Enter note:
Enter note:
Enter note:
Enter note: You are engulfed in poison gas.
You are poisoned.
You feel very sick.
828 ||| Stepping ~*~*~tactically~*~*~ (cloud).
You feel very sick.
Things that are here:
a scroll of vulnerability; a scroll of butterflies
There is a lethal amount of poison in your body!
You feel very sick.
There is a lethal amount of poison in your body!
You die...

#.##...#######...##.#.## #
#..###...###...###.....########
#..# ##.......## #####.......##
#..# ###.<.### #.####...# ##..#
##.......## #.........
#...###...###...### #.####...#
#.###...#######(..#####.#####.##
#.##.####.....####.#............
#...### #.##..#@¤##....####.#.#.
#.....# #.##..#¤######.)........
#.##### #.##..#¤# #.####.#.#.
#.# #.##..#¤# #.# #....# #.#
#.##..¤¤######.## #.#.## #.#
#.##..00¤.......# #.###
#.#######.##..¤¤¤......## #.#
#.........##.¤¤¤#####.## #.#
##.......######.#####.#####.#


There were no monsters in sight!

Vanquished Creatures
  A gnoll (D:1)
  3 bats (D:1)
  An endoplasm (D:1)
  5 goblins (D:1)
  3 hobgoblins (D:1)
  6 jackals (D:1)
  6 ball pythons (D:1)
  4 kobolds (D:1)
  2 rats (D:1)
31 creatures vanquished.

Notes
Turn   | Place    | Note
-------+----------+-------------------------------------------
     0 | D:1      | qw the Deep Elf Hunter began the quest for the Orb.
     0 | D:1      | Reached XP level 1. HP: 12/12 MP: 3/3
     0 | D:1      | 0 ||| qw: Version: 0.3-a-155-g5e7d8dd
     0 | D:1      | 0 ||| qw: Game counter: 1217
     0 | D:1      | 0 ||| qw: Melee chars always use a shield: true
     0 | D:1      | 0 ||| qw: God list: Okawaru
     0 | D:1      | 0 ||| qw: Allow faded altars: false
     0 | D:1      | 0 ||| qw: Do Orc after clearing Dungeon:15 true
     0 | D:1      | 0 ||| qw: Do second Lair branch before Depths: true
     0 | D:1      | 0 ||| qw: Lair rune preference: random
     0 | D:1      | 0 ||| qw: Goals: Normal
     0 | D:1      | 0 ||| PLANNING D:1-11
   108 | D:1      | Reached XP level 2. HP: 6/16 MP: 4/4
   109 | D:1      | Reached skill level 6 in Ranged Weapons
   506 | D:1      | Reached XP level 3. HP: 7/20 MP: 5/5
   610 | D:1      | Reached skill level 7 in Ranged Weapons
   715 | D:1      | Found a faded altar of an unknown god.
   821 | D:1      | 821 ||| READING 3 scrolls labelled UFEUGU XEIS.
   821 | D:1      | 821 ||| IDENTIFYING 2 murky silvery potions
   822 | D:1      | 822 ||| READING 2 scrolls of identify.
   822 | D:1      | 822 ||| IDENTIFYING scroll labelled UGOCOA EKLI
   823 | D:1      | 823 ||| READING scroll of identify.
   823 | D:1      | 823 ||| IDENTIFYING scroll labelled AXADGHA IFFIPN
   824 | D:1      | 824 ||| READING scroll labelled BOBIXZ HUTAELA.
   825 | D:1      | 825 ||| DROPPING scroll of butterflies.
   826 | D:1      | 826 ||| DROPPING scroll of vulnerability.
   828 | D:1      | 828 ||| Stepping ~*~*~tactically~*~*~ (cloud).
   828 | D:1      | HP: 5/20 [poisoned by you (poison gas)]
   829 | D:1      | HP: 2/20 [poisoned by you (poison gas)]
   830 | D:1      | Succumbed to their own poison gas

Levels and vault maps discovered:
D:1:      dpeg_arrival_simpleton_a, layout_loops_ring,
          shapermc_ecumenical_altar_mp_vishouse

Skill      XL: |  1  2  3 |
---------------+----------+-----
Ranged Weapons | 6 7 |  7.0
Fighting       | |  1.5
Dodging        | |  2.4
Stealth        | |  1.2

Action                     || total
---------------------------++-------
   Fire: Shortbow          ||    92
    Use: Scroll            ||     4
 Armour: Leather armour    ||    26
  Dodge: Dodged            ||    39

Table legend:
 A = Non-vault XP
 B = Vault XP
 C = Vault XP percentage of total XP
 D = Non-vault monster count
 E = Vault monster count
 F = Vault count percentage of total count
                 A         B        C        D         E       F
            +---------+---------+-------+---------+---------+-------
      Total |      64 |       0 |   0.0 |      31 |       0 |   0.0
            +---------+---------+-------+---------+---------+-------
        D:1 |      64 |       0 |   0.0 |      31 |       0 |   0.0
            +---------+---------+-------+---------+---------+-------
